 Dungeon Crawl Stone Soup version 0.31.0-11-ge490571c62 (webtiles) character file.

Game seed: 13605366627501950849

1593 Gadfly the Charlatan (level 8, 0/58 HPs)
             Began as a Demonspawn Monk on Jan 28, 2024.
             Was an Initiate of Ru.
             Slain by a yak (13 damage)
             ... on level 6 of the Dungeon.
             The game lasted 00:07:53 (4311 turns).

Gadfly the Charlatan (Demonspawn Monk)              Turns: 4311, Time: 00:07:53

Health: 0/58       AC:  6    Str: 14    XL:     8   Next: 61%
Magic:  8/8        EV: 19    Int: 11    God:    Ru [......]
Gold:   224        SH:  0    Dex: 15    Spells: 1/7 levels left

rFire   + .          .
                       - Unarmed
rCold   + + .        (no shield)
rNeg    . . .        i - +2 robe {Will+}
rPois   .            (no helmet)
rElec   .            n - scarf {rC+ rF+}
rCorr   .            (no gloves)
SInv    .            (no boots)
Will    +....        (no amulet) Stlth
                     q - +5 ring of evasion
HPRegen 0.29/turn    o - ring of protection from cold
MPRegen 0.11/turn

%: no passive effects
@: no status effects
A: yellow scales 1, demonic guardian 2, ignite blood 1, no stealth
a: Renounce Religion


You were on level 6 of the Dungeon.
You worshipped Ru.
Ru was noncommittal.
You visited 1 branch of the dungeon, and saw 6 of its levels.

You collected 224 gold pieces.

Inventory:

Hand Weapons
 b - a +2 hand axe of flaming
Armour
 c - an orb of light
 i - a +2 robe of willpower (worn)
 n - a scarf of resistance (worn)
Jewellery
 k - a ring of fire
 o - a ring of protection from cold (right hand)
 q - a +5 ring of evasion (left hand)
Wands
 r - a wand of acid (10)
 t - a wand of flame (15) (quivered)
 u - a wand of digging (6)
Scrolls
 j - 2 scrolls of enchant weapon
 m - a scroll of fog
 p - a scroll of poison
 v - a scroll of enchant armour
Potions
 d - a potion of curing {unknown}
 e - a potion of mutation
 g - a potion of attraction {unknown}
 h - a potion of enlightenment {unknown}
 l - a potion of lignification
 s - a potion of brilliance {unknown}


   Skills:
 - Level 3.0 Fighting
 + Level 4.7 Dodging
 + Level 4.8 Unarmed Combat
 * Level 6.1 Evocations
 * Level 5.2 Shapeshifting


You had one spell level left.
You knew the following spells:

 Your Spells              Type           Power      Damage    Failure   Level
a - Swiftness             Air            0%         N/A       71%         3
b - Passwall              Erth           0%         N/A       71%         3

Your spell library contained the following spells:

 Spells                   Type           Power      Damage    Failure   Level
 Ensorcelled Hibernation  Hex/Ice        0%         N/A       47%         2


Dungeon Overview and Level Annotations

Branches:
Dungeon (7/15)
 Temple: D:4-7

Altars:
Dithmenos
Makhleb
Ru
Vehumet
Yredelemnul

Shops:
D:7 (


Innate Abilities, Weirdness & Mutations

You are partially covered in yellow scales. (AC +2)
A demonic guardian rushes to your aid.
Your demonic aura sometimes causes spilled blood to erupt in flames.
You cannot be stealthy.


Message History

The yak gores you but does no damage. The yak attacks as it pursues you!
The yak barely misses you.
There is a stone staircase leading up here.
The yak gores you.
You climb upwards.
There is a stone staircase leading down here.
You hit the yak but do no damage.
The yak is lightly wounded.
The yak closely misses you.
You hit the yak but do no damage.
The yak is lightly wounded.
The yak gores you but does no damage.
You hit the yak but do no damage.
The yak is lightly wounded.
The yak barely misses you.
You hit the yak.
The yak is moderately wounded.
You barely miss the yak.
The yak is moderately wounded.
The yak closely misses you.
You barely miss the yak.
The yak is moderately wounded.
The yak gores you!
* * * LOW HITPOINT WARNING * * *
You barely miss the yak.
The yak is moderately wounded.
The yak misses you.
You hit the yak but do no damage.
The yak is moderately wounded.
The yak misses you.
You hit the yak.
The yak is moderately wounded.
The yak gores you but does no damage.
You hit the yak.
The yak is heavily wounded.
The yak closely misses you.
You hit the yak.
The yak is heavily wounded.
The yak gores you!
You die...

8. ..##
.....
.....
......
......####
.........#
.......@Y#
.........#
###...####
#.8. #..
###


You could see a yak.

Vanquished Creatures
  Maggie (D:7)
  Sigmund (D:2)
  A yak (D:7)
  3 ice beasts (D:7)
  A bullfrog (D:7)
  A kobold brigand (D:7)
  A scorpion (D:7)
  3 orc priests (D:3)
  An orc wizard (D:2)
  4 gnolls (D:7)
  An adder (D:3)
  2 white imps
  2 ufetubi (D:4)
  A dart slug (D:1)
  4 orcs
  10 ball pythons
  7 endoplasms
  2 giant cockroaches
  3 hobgoblins
  3 jackals (D:4)
  3 quokkas
  5 bats
  4 frilled lizards
  8 goblins
  9 kobolds
  14 rats
95 creatures vanquished.

Vanquished Creatures (collateral kills)
  An ice beast (D:7)
  A bullfrog (D:7)
  2 scorpions (D:7)
  2 orcs
  2 goblins
8 creatures vanquished.

Grand Total: 103 creatures vanquished

Notes
Turn   | Place    | Note
-------+----------+-------------------------------------------
     0 | D:1      | Gadfly the Demonspawn Monk began the quest for the Orb.
     0 | D:1      | Reached XP level 1. HP: 18/18 MP: 1/1
   186 | D:1      | Gained mutation: A weak demonic guardian rushes to your
                  | aid. [demonic ancestry]
   186 | D:1      | Reached XP level 2. HP: 16/24 MP: 2/2
   276 | D:1      | Reached skill level 1 in Evocations
   401 | D:1      | Reached skill level 1 in Shapeshifting
   776 | D:1      | Gained mutation: A demonic guardian rushes to your aid.
                  | [demonic ancestry]
   776 | D:1      | Reached XP level 3. HP: 28/29 MP: 3/3
  1103 | D:2      | Noticed Sigmund
  1195 | D:2      | Killed Sigmund
  1196 | D:2      | Reached skill level 2 in Evocations
  1196 | D:2      | Reached XP level 4. HP: 26/35 MP: 4/4
  1196 | D:2      | Gained mutation: Your demonic aura sometimes causes spilled
                  | blood to erupt in flames. [demonic ancestry]
  1196 | D:2      | Reached XP level 5. HP: 30/41 MP: 5/5
  1420 | D:2      | Found a faded altar of an unknown god.
  1692 | D:2      | Reached skill level 3 in Evocations
  1735 | D:2      | HP: 1/41 [orc/+0 hand axe (6)]
  2003 | D:3      | Reached XP level 6. HP: 35/47 MP: 6/6
  2688 | D:3      | Found a basalt altar of Yredelemnul.
  2690 | D:3      | Found a sacrificial altar of Ru.
  2694 | D:3      | Found a radiant altar of Vehumet.
  2699 | D:3      | Became a worshipper of Ru the Awakened
  2721 | D:3      | Gained mutation: You cannot be stealthy. [Ru sacrifice]
  3045 | D:4      | You fall into a shaft and drop 3 floors!
  3170 | D:7      | Found Xeprusch's Antique Weapon Boutique.
  3173 | D:7      | Noticed an ice beast
  3178 | D:7      | Killed an ice beast
  3179 | D:7      | Reached XP level 7. HP: 52/52 MP: 7/7
  3216 | D:7      | Reached skill level 4 in Evocations
  3290 | D:7      | Noticed Maggie
  3322 | D:7      | Killed Maggie
  3383 | D:7      | Learned a level 3 spell: Swiftness
  3387 | D:7      | Learned a level 3 spell: Passwall
  3423 | D:7      | Found a burning altar of Makhleb.
  3460 | D:7      | Reached skill level 5 in Evocations
  3496 | D:7      | Gained mutation: You are partially covered in yellow
                  | scales. (AC +2) [demonic ancestry]
  3496 | D:7      | Reached XP level 8. HP: 44/58 MP: 8/8
  3701 | D:7      | HP: 2/58 [scorpion (6)]
  3976 | D:7      | Found a shadowy altar of Dithmenos.
  4100 | D:7      | Reached skill level 5 in Shapeshifting
  4288 | D:7      | Reached skill level 6 in Evocations
  4311 | D:6      | Slain by a yak

Illustrated notes

Levels and vault maps discovered:
D:1:      ncdulo_watergridlock, layout_loops_ring, minmay_close_crescents
D:2:      layout_rooms, shapermc_ecumenical_altar_mp_urbaneastern,
          minmay_misc_feat_square, hangedman_decor_riveting, uniq_sigmund
D:3:      layout_rooms, grunt_temple_overflow_diamond
D:4:      layout_layer_cave, serial_demonic, serial_demonic_c, serial_demonic_g,
          serial_demonic_g, serial_demonic_d, serial_demonic_d,
          serial_demonic_g, lightli_corner_chamber
D:6:      layout_basic, kennysheep_mini, temple_fountains,
          nicolae_elevator_lobby_asterisk
D:7:      layout_cave_pools, grunt_dithmenos_smoke_and_mirrors,
          mainiacjoe_overflow_six_doors_small, serial_shops, shop, uniq_maggie

Skill      XL: |  1  2  3  4  5  6  7  8 |
---------------+-------------------------+-----
Evocations     | 1 2 3 5 6 |  6.1
Shapeshifting  | 1 2 3 4 5 |  5.2
Unarmed Combat | 3 4 |  4.8
Dodging        | 3 4 |  4.7
Fighting       | |  3.0

Action                     |  1- 3 |  4- 6 |  7- 9 || total
---------------------------+-------+-------+-------++-------
  Melee: Unarmed           |   126 |   156 |   166 ||   448
 Invoke: Sacrifice Stealth |       |     1 |       ||     1
  Evoke: Wand              |       |     1 |       ||     1
    Use: Scroll            |     1 |     6 |     1 ||     8
         Potion            |       |     1 |     5 ||     6
 Armour: Robe              |    51 |    88 |    80 ||   219
  Dodge: Dodged            |    80 |   171 |   144 ||   395
